 Dungeon Crawl Stone Soup version 0.23-a0-79-gaa8cc03 (webtiles) character file.

2 mhoghedin the Charlatan (level 1, -2/12 HPs)
             Began as a Kobold Artificer on Aug 11, 2018.
             Slain by a hobgoblin (5 damage)
             ... on level 1 of the Dungeon.
             The game lasted 00:00:21 (91 turns).

mhoghedin the Charlatan (Kobold Artificer)            Turns: 91, Time: 00:00:22

Health: -2/12      AC:  3    Str:  9    XL:     1   Next: 33%
Magic:  3/3        EV: 14    Int: 12    God:
Gold:   10         SH:  0    Dex: 15    Spells: 0/0 levels left

rFire    . . .     SeeInvis .   a - +0 short sword
rCold    . . .     Gourm    .   (shield restricted)
rNeg     . . .     Faith    .   b - +0 leather armour
rPois    .         Spirit   .   (no helmet)
rElec    .         Reflect  .   (no cloak)
rCorr    .         Harm     .   (no gloves)
MR       .....                  (no boots)
Stlth    ++........             (no amulet)
HPRegen  0.04/turn              (no ring)
MPRegen  0.08/turn              (no ring)

@: no status effects
A: small, carnivore
a: no special abilities


You were on level 1 of the Dungeon.
You were not hungry.

You visited 1 branch of the dungeon, and saw 1 of its levels.

You collected 10 gold pieces.

Inventory:

Hand Weapons
 a - a +0 short sword (weapon)
Armour
 b - a +0 leather armour (worn)
Wands
 c - a wand of flame (15)
 d - a wand of enslavement (15)
 e - a wand of random effects (15)
Scrolls
 h - a scroll of fear {unknown}
 i - a scroll of noise {unknown}
Potions
 j - a potion of curing {unknown}
Comestibles
 f - a ration


   Skills:
 + Level 1.1 Fighting
 + Level 1.4 Short Blades
 + Level 2.4 Dodging
 + Level 1.4 Stealth
 + Level 3.6 Evocations


You couldn't memorise any spells.
You didn't know any spells.
Your spell library was empty.

Dungeon Overview and Level Annotations

Branches:
Dungeon (1/15)

Altars:


Innate Abilities, Weirdness & Mutations

You are small and have problems with some larger weapons.
You are carnivorous and can eat meat at any time.


Message History

Welcome, mhoghedin the Kobold Artificer.
Will you prevail where others failed? Will you find the Orb of Zot?
Found a staircase leading out of the dungeon.
No target in view!
Unknown command.
Found an escape hatch in the floor.
There is an escape hatch in the floor here.
Found a stone staircase leading down. 2 rats come into view.
There is a stone staircase leading down here.
You hit the rat.
You kill the rat!
You see here a blue potion.
You hit the rat.
You kill the rat!
No target in view!
No target in view!
No target in view!
No target in view!
No target in view!
No target in view!
No target in view!
No target in view!
g - a blue potion
h - a scroll labeled URUPAS MOAPOXKOLO
i - a scroll labeled RORHIA LO TOBBA You see here a rat corpse.
You now have 10 gold pieces.
j - a sapphire potion You see here a spear.
A rat comes into view.
A kobold comes into view. It is wielding a dagger.
You see here a ring mail.
The rat bites you.
You take 2 damage, and have 10/12 hp.
You hit the rat.
You kill the rat!
A hobgoblin comes into view.
The hobgoblin shouts!
The kobold hits you with a dagger.
You take 2 damage, and have 8/12 hp.
You barely miss the kobold. The kobold hits you but does no damage.
You hit the kobold. The kobold misses you.
You hit the kobold. The kobold hits you with a dagger.
You take 1 damage, and have 7/12 hp.
You are too injured to fight recklessly!
You are too injured to fight recklessly!
You are too injured to fight recklessly!
You are too injured to fight recklessly!
You are too injured to fight recklessly!
You are too injured to fight recklessly!
You are too injured to fight recklessly!
You are too injured to fight recklessly!
You are too injured to fight recklessly!
You are too injured to fight recklessly!
You are too injured to fight recklessly!
Unknown command.
You barely miss the kobold. The kobold hits you but does no damage.
You completely miss the kobold. The kobold hits you but does no damage.
The hobgoblin barely misses you.
You hit the kobold but do no damage. The kobold hits you with a dagger.
The hobgoblin closely misses you.
You take 1 damage, and have 6/12 hp.
You see here a ring mail.
The hobgoblin closely misses you. The hobgoblin misses you.
The hobgoblin hits you.
You take 1 damage, and have 6/12 hp.
A dart slug comes into view.
The dart slug launches a dart at you. The slug dart misses you.
You closely miss the hobgoblin. The hobgoblin closely misses you.
It was a potion of heal wounds.
You feel much better. The hobgoblin barely misses you.
Health restored: 12 You hit the hobgoblin but do no damage.
The hobgoblin hits you.
You take 3 damage, and have 9/12 hp.
MASSIVE DAMAGE!!
The dart slug launches a dart at you. The slug dart hits you!
You take 5 damage, and have 4/12 hp.
MASSIVE DAMAGE!!
The hobgoblin closely misses you. The dart slug launches a dart at you.
The slug dart hits you!
* * * LOW HITPOINT WARNING * * *
You take 1 damage, and have 3/12 hp.
The hobgoblin hits you.
You die...

#......(.. #........(#
#.........# #.........#
#.........# #.........#
..#w........# ..#.g.......#
..#.#@###### ### #+#+#.#K#.# #<#
#.....#.#.# #.# . #.....#.#.# #.#
.#+#####.....#.#.# #.#
...........#...#.# #######.######
...........#...#)# #.............
..........!#...#.#########.######
..........[............###.#


You could see a dart slug and a hobgoblin.

Vanquished Creatures
  3 rats (D:1)
3 creatures vanquished.

Notes
Turn   | Place    | Note
-------+----------+-------------------------------------------
     0 | D:1      | mhoghedin the Kobold Artificer began the quest for the Orb.
     0 | D:1      | Reached XP level 1. HP: 12/12 MP: 3/3
    90 | D:1      | HP: 3/12 [dart slug/slug dart (1)]
    91 | D:1      | Slain by a hobgoblin

Vault maps used:
D:1:      lemuel_arrival_cross

Action                   || total
-------------------------++-------
Melee: Short sword       ||    11
  Use: Potion            ||     1
Armor: Leather armour    ||     2
Dodge: Dodged            ||     9

Table legend:
 A = Non-vault XP
 B = Vault XP
 C = Vault XP percentage of total XP
 D = Non-vault monster count
 E = Vault monster count
 F = Vault count percentage of total count
 G = Total turns spent on level
                 A         B        C        D         E       F
            +---------+---------+-------+---------+---------+-------
      Total |       3 |       0 |   0.0 |       3 |       0 |   0.0
            +---------+---------+-------+---------+---------+-------
        D:1 |       3 |       0 |   0.0 |       3 |       0 |   0.0
            +---------+---------+-------+---------+---------+-------

Vault maps used:
D:1:      lemuel_arrival_cross

Table legend:
 A = Turns spent in this place as a percentage of turns spent in the entire game.
 B = Non-inter-level travel turns spent in this place as a percentage of non-inter-level travel turns spent in the entire game.
 C = Inter-level travel turns spent in this place as a percentage of turns spent in this place.
 D = Turns resting spent in this place as a percentage of non-inter-level travel turns spent in this place.
 E = Turns spent auto-exploring this place as a percentage of non-inter-level travel turns spent in this place.
 F = Non-inter-level travel turns spent in this place divided by the number of levels of this place that you've seen.
                   A       B       C       D       E      F
               +-------+-------+-------+-------+-------+----------------------
         Total | 100.0 | 100.0 |   0.0 |   0.0 |  48.4 |  91.0
       Dungeon | 100.0 | 100.0 |   0.0 |   0.0 |  48.4 |  91.0
               +-------+-------+-------+-------+-------+----------------------

Table legend:
 A = Kills in this place as a percentage of kills in entire the game.
 B = Kills by you in this place as a percentage of kills by you in the entire game.
 C = Kills by friends in this place as a percentage of kills by friends in the entire game.
 D = Other kills in this place as a percentage of other kills in the entire game.
 E = Experience gained in this place as a percentage of experience gained in the entire game.
 F = Experience gained in this place divided by the number of levels of this place that you have seen.
                   A       B       C       D       E      F
               +-------+-------+-------+-------+-------+----------------------
         Total | 100.0 | 100.0 |   N/A |   N/A | 100.0 |   3.0
       Dungeon | 100.0 | 100.0 |   N/A |   N/A | 100.0 |   3.0
               +-------+-------+-------+-------+-------+----------------------
